AoeStats
← FeelsBatman69

Black Forest

504910085Analyzed
2v2 RM · 25d ago on Sep 7, 2026· 65m 52s· 4 players
Game mode
Random Map
Map size
Medium (4 player)
Population
200
Speed
Normal
Resources
Standard
Victory
Conquest
Starting age
Dark Age
Ending age
Imperial Age
RankedLock teamsTeams togetherTeam positionsShared explorationLock speedFull tech treeHidden civsTurbo modeCheats
Victory
Defeat
🇧🇷 Franks · Brazil
586
+12
🇧🇷 Bohemians · Brazil
585
+13
🇺🇸 Franks · United States
549
-14
🇺🇸 Khmer · United States
468
-11
EL Loodo
4:15 Loom
16:16 Feudal Age
16:54 Double-Bit Axe
18:26 Wheelbarrow
22:01 Castle Age
21:19 Stone Mining
21:19 Gold Mining
23:15 Hand Cart
23:54 Bow Saw
39:21 Imperial Age
37:13 Crossbowman
37:45 Man-at-Arms
38:10 Gambesons
40:49 #83
40:47 Husbandry
43:01 Scale Barding Armor
43:12 Forging
43:14 Cavalier
45:21 Elite Throwing Axeman
47:08 Gold Shaft Mining
51:12 Scale Mail Armor
51:14 Padded Archer Armor
FeelsBatman69
17:18 Feudal Age
18:36 Wheelbarrow
24:24 Castle Age
24:17 Bloodlines
26:48 Scale Barding Armor
26:54 Forging
27:46 Husbandry
29:35 Hand Cart
36:50 Chain Barding Armor
37:05 Iron Casting
42:19 Caravan
47:53 Imperial Age
45:36 Town Watch
46:52 Tusk Swords
48:56 Elite Ballista Elephant
49:36 Double Crossbow
50:18 Elite Battle Elephant
53:13 Plate Barding Armor
53:39 Blast Furnace
55:00 Heavy Scorpion
58:05 Conscription
60:13 Scale Mail Armor
diogorpaolozza
6:42 Loom
12:53 Feudal Age
14:23 Wheelbarrow
13:43 Double-Bit Axe
16:30 Horse Collar
17:27 Forging
17:35 Scale Mail Armor
21:02 Fletching
23:34 Castle Age
24:41 Hand Cart
24:41 Bow Saw
24:34 Heavy Plow
25:02 Town Watch
28:36 Iron Casting
28:17 Chain Mail Armor
30:53 Pikeman
31:34 Squires
32:14 Caravan
36:52 Chemistry
36:13 Ballistics
35:49 Murder Holes
38:37 Imperial Age
36:51 Bodkin Arrow
40:18 Town Patrol
40:40 Onager
42:50 Blast Furnace
42:21 Plate Mail Armor
41:25 Halberdier
44:18 Conscription
44:49 Bracer
46:18 Guilds
50:19 Houfnice
51:12 Wagenburg Tactics
55:28 Elite Hussite Wagon
Zeekyo
12:55 Loom
14:41 Feudal Age
16:01 Double-Bit Axe
18:46 Castle Age
18:18 Forging
19:12 Gold Mining
20:31 Bow Saw
21:14 Iron Casting
22:01 Stone Mining
24:58 Scale Barding Armor
26:03 Chain Barding Armor
30:56 Wheelbarrow
37:14 Hand Cart
39:35 Masonry
40:22 Murder Holes
40:38 Fortified Wall
44:02 Imperial Age
42:13 Gold Shaft Mining
45:32 Town Watch
46:56 Chemistry
46:27 Architecture
46:03 Siege Engineers
45:44 Arrowslits
46:21 Ballistics
45:54 Cavalier
46:35 Husbandry
48:18 Chivalry
47:39 Elite Throwing Axeman
48:56 Hoardings
48:42 Conscription
48:43 #83
49:38 Paladin
50:28 Onager
51:42 Town Patrol
54:09 Blast Furnace
53:44 Plate Barding Armor
56:17 Scale Mail Armor
56:43 Squires
56:31 Arson
63:43 Chain Mail Armor
Connection lost

Rejoining the realm…

Still unreachable

The connection could not be restored.

Session expired

The server has moved on; the page needs a fresh start.